 Dungeon Crawl Stone Soup version 0.23-a0-625-g1d2cd9b (console) character file.

1246 bli the Cudgeler (level 8, -4/50 HPs)
             Began as a Gargoyle Wanderer on Dec 24, 2018.
             Was a Follower of Makhleb.
             Slain by a gnoll sergeant
             ... wielding a +3 trident of protection
              (9 damage)
             ... on level 5 of the Dungeon.
             The game lasted 00:31:27 (5217 turns).

bli the Cudgeler (Gargoyle Wanderer)                Turns: 5217, Time: 00:31:28

Health: -4/50      AC: 10    Str: 18    XL:     8   Next: 50%
Magic:  3/13       EV:  6    Int: 14    God:    Makhleb [*.....]
Gold:   303        SH:  0    Dex:  8    Spells: 13/14 levels left

rFire    . . .     SeeInvis +   a - +6 flail (protect)
rCold    . . .     Gourm    +   (no shield)
rNeg     + . .     Faith    .   M - +0 leather armour
rPois    ∞         Spirit   .   (no helmet)
rElec    +         Reflect  .   K - +0 cloak
rCorr    .         Harm     .   g - +0 pair of gloves
MR       +....                  (no boots)
Stlth    ++........             s - amulet of the gourmand
HPRegen  0.16/turn              y - ring of see invisible
MPRegen  0.13/turn              C - ring of protection from magic

@: about to teleport, berserk cooldown, very slightly contaminated, held,
slowed, very slow
A: negative energy resistance 1, electricity resistance, unbreathing,
petrification resistance, rot immunity, AC +5
a: Renounce Religion


You were on level 5 of the Dungeon.
You worshipped Makhleb.
Makhleb was aware of your devotion.
You were completely stuffed.

You visited 1 branch of the dungeon, and saw 5 of its levels.

You collected 303 gold pieces.

Inventory:

Hand Weapons
 a - a +6 flail of protection (weapon)
 b - a +0 whip of venom
 e - a +0 dagger
 j - a +0 hunting sling
 o - a +0 mace
 u - a +0 hand axe
 A - a +3 flail
 I - a +0 war axe
Missiles
 h - 63 stones (quivered)
 n - 60 sling bullets
 v - 3 tomahawks
Armour
 d - a +0 robe
 g - a +0 pair of gloves (worn)
 K - a +0 cloak (worn)
 M - a +0 leather armour (worn)
Magical Staves
 J - an uncursed staff of air
Jewellery
 s - an amulet of the gourmand (around neck)
 y - a ring of see invisible (left hand)
 C - a ring of protection from magic (right hand)
 N - an uncursed ring of protection from magic
Wands
 H - a wand of enslavement (8)
 O - a wand of disintegration (6)
Scrolls
 c - 2 scrolls of enchant armour {unknown}
 k - 2 scrolls of blinking {unknown}
 p - 5 scrolls of identify {unknown}
 t - 5 scrolls of teleportation
 w - 2 scrolls of magic mapping {unknown}
 x - 2 scrolls of amnesia {unknown}
 B - a scroll of fog {unknown}
 E - a scroll of enchant weapon {unknown}
 F - 2 scrolls of fear {unknown}
Potions
 i - a potion of lignification
 l - a potion of haste {unknown}
 m - a potion of magic {unknown}
 r - a potion of heal wounds
 z - a potion of agility {unknown}
 D - a potion of mutation {unknown}
 L - a potion of degeneration {unknown}
Comestibles
 f - 12 rations
 G - 2 chunks of flesh


   Skills:
 + Level 5.4 Fighting
 + Level 1.9(3.9) Axes
 + Level 5.9(6.1) Maces & Flails
 * Level 1.4 Armour
 - Level 2.2 Dodging
 - Level 2.8 Stealth
 + Level 3.6 Spellcasting
 - Level 3.0 Conjurations
 + Level 2.5 Poison Magic


You had 13 spell levels left.
You knew the following spells:

 Your Spells              Type           Power        Failure   Level  Hunger
a - Sting                 Conj/Pois      ##..         8%          1    None

Your spell library contained the following spells:

 Spells                   Type           Power        Failure   Level  Hunger
 Magic Dart               Conj           ##..         7%          1    None
 Mephitic Cloud           Conj/Pois/Air  #.......     32%         3    ###....
 Blink                    Tloc           N/A          36%         2    ##.....
 Call Imp                 Summ           #.......     36%         2    ##.....
 Slow                     Hex            #.......     36%         2    ##.....
 Conjure Flame            Conj/Fire      #.......     36%         3    ###....
 Ignite Poison            Fire/Tmut/Pois #.......     45%         3    ###....


Dungeon Overview and Level Annotations

Branches:
Dungeon (5/15)
 Temple: D:4-7

Altars:
Fedhas
Gozag
Hepliaklqana
Kikubaaqudgha
Makhleb
Trog
Uskayaw
Vehumet

Annotations:
D:4 tsouns's ghost, amateur DDFi
D:5 1 transporter, Killmatronix's ghost, novice DrWn


Innate Abilities, Weirdness & Mutations

You are resistant to torment.
Your stone body is resilient. (AC +5)
You are immune to poison.
You resist negative energy. (rN+)
You are resistant to electric shocks. (rElec)
You can survive without breathing.
You are immune to petrification.
You are immune to rotting.


Message History

The gnoll sergeant shouts!
You struggle against the net.
You feel less wooden.
Your +0 cloak unmelds from your body.
Your +0 pair of gloves unmelds from your body.
Your +0 leather armour unmelds from your body.
You flicker back into view.
Killmatronix's ghost completely misses you.
The gnoll sergeant hits you but does no damage.
The gnoll hits you with a +0 club.
Killmatronix's ghost hits you but does no damage.
As you read the scroll labeled MEYNIT UXEVIG, it crumbles to dust.
You feel strangely unstable.
It was a scroll of teleportation.
The gnoll hits The gnoll sergeant hits you with a +3 trident of protection.
* * * LOW HITPOINT WARNING * * *
The gnoll barely misses you. Killmatronix's ghost hits you!
* * * LOW HITPOINT WARNING * * *
The gnoll hits you but does no damage.
The gnoll sergeant hits you with a +3 trident of protection!
You die...

#....≈≈####.....####≈≈..# #.
####....≈≈#..#8###8#..#≈≈..# #.
#.......≈≈##.###.###.##≈≈..# ##
####....≈≈#...........#≈≈..# #
#....≈≈###.##'##.###≈≈..# ###
#....≈≈..# #...#.#..≈≈..####..
#.##.≈≈.##.#⌠)⌠#.##.≈≈.......#
#.##.≈≈.#..#)).#..#.≈≈..#..###
##.##.≈≈.##.##g##.##.≈≈..##.#
###.###.≈≈..#.#W.g#.#.....##..#
.##.# #.≈≈.©#.#.@)#.#©....#...#
#...# #.≈≈..#.#8g8#.#.........##
##..###.≈≈.##.#####.##.≈≈......##
##.#....≈≈.#©.# ..#.≈≈...#....
#.####..≈≈.##.# #.##.≈≈........
.## #..≈≈..#.# # #..≈≈.......# ##
##..≈≈###.##+##.###≈≈.##...##
##(..≈≈#....... ..#≈≈.###..#
####..#.≈≈##.###g###.##≈≈.###..##
#.#(###.≈≈#..#8###8#..#≈≈.#.....#
....# #.≈≈####.....####≈≈....##..


You could see a gnoll sergeant, Killmatronix's ghost and 2 gnolls.

Vanquished Creatures
  Edmund (D:4)
  A sky beast (D:5)
  A centaur (D:5)
  A gnoll sergeant (D:5)
  A scorpion (D:5)
  2 crimson imps (D:5)
  A jelly (D:5)
  2 quasits (D:4)
  A hound (D:5)
  4 orc priests
  An orc wizard (D:2)
  A gnoll shaman (D:5)
  An iguana (D:4)
  6 worker ants
  A statue (D:4)
  A hound skeleton (D:5)
  A worker ant zombie (D:5)
  4 gnolls (D:5)
  5 adders
  A shadow imp (D:4)
  An ooze (D:1)
  2 worms
  3 dart slugs
  2 leopard geckos
  13 orcs
  A ball python (D:1)
  2 giant cockroaches
  7 goblins
  7 hobgoblins
  6 jackals
  2 quokkas
  12 bats
  2 frilled lizards
  5 kobolds
  A quokka skeleton (D:5)
  8 rats
111 creatures vanquished.

Vanquished Creatures (others)
  A gnoll sergeant (D:5)
  6 plants (D:5)
  4 toadstools (D:1)
11 creatures vanquished.

Grand Total: 122 creatures vanquished

Notes
Turn   | Place    | Note
-------+----------+-------------------------------------------
     0 | D:1      | bli the Gargoyle Wanderer began the quest for the Orb.
     0 | D:1      | bli set off with the following items: a +0 hand axe, a +0
                  | robe, a +0 dagger, a ration; and the following spells
                  | available to memorise: Magic Dart, Sting, Blink, Call Imp,
                  | Slow, Mephitic Cloud, Conjure Flame, Ignite Poison
     0 | D:1      | Reached XP level 1. HP: 14/14 MP: 2/2
     9 | D:1      | Learned a level 1 spell: Sting
   102 | D:1      | Reached XP level 2. HP: 11/20 MP: 0/3
   653 | D:1      | Reached XP level 3. HP: 24/24 MP: 2/5
  1216 | D:2      | Reached skill level 1 in Maces & Flails
  1216 | D:2      | Reached XP level 4. HP: 28/30 MP: 1/6
  1347 | D:2      | Reached skill level 1 in Dodging
  1347 | D:2      | Reached XP level 5. HP: 16/34 MP: 5/8
  1956 | D:3      | Found an ancient bone altar of Kikubaaqudgha.
  2107 | D:3      | Found a burning altar of Makhleb.
  2113 | D:3      | Became a worshipper of Makhleb the Destroyer
  2315 | D:4      | Found a transporter.
  2315 | D:4      | Noticed Edmund
  2339 | D:4      | Killed Edmund
  2339 | D:4      | Reached XP level 6. HP: 12/40 MP: 0/10
  2423 | D:4      | Found a transporter.
  2429 | D:4      | Found a bloodstained altar of Trog.
  2465 | D:4      | Reached skill level 5 in Fighting
  2538 | D:4      | Noticed tsouns's ghost (amateur DDFi)
  2666 | D:4      | Found a radiant altar of Vehumet.
  3000 | D:4      | Found a blossoming altar of Fedhas.
  3002 | D:4      | Found a hazy altar of Hepliaklqana.
  3003 | D:4      | Found a hide-covered altar of Uskayaw.
  3380 | D:4      | Reached XP level 7. HP: 41/44 MP: 11/11
  3432 | D:5      | Entered Level 5 of the Dungeon
  3944 | D:5      | Found an opulent altar of Gozag.
  3956 | D:5      | Reached * piety under Makhleb
  4145 | D:5      | Identified the cursed +1 ring mail of Jount {Slay+3}
  4261 | D:5      | Found a transporter.
  4328 | D:5      | Reached skill level 5 in Maces & Flails
  4328 | D:5      | Reached XP level 8. HP: 40/49 MP: 8/12
  4509 | D:5      | Found a transporter.
  4510 | D:5      | Noticed Killmatronix's ghost (novice DrWn)
  5185 | D:5      | Reached skill level 1 in Armour
  5196 | D:5      | HP: 3/75 [gnoll sergeant/+0 trident of chaos (19)]
  5199 | D:5      | Paralysed by a gnoll sergeant for 6 turns
  5217 | D:5      | Slain by a gnoll sergeant

Vault maps used:
D:1:      ldierk_walled_garden_2, minmay_tromino_mix6
D:2:      cheibrodos_pilgrimage
D:3:      minmay_angry_zag, nicolae_overflow_crystal_walls,
          kiku_gazebo_pond_becter
D:4:      kennysheep_mini, vehumet_statue, minitemple,
          gammafunk_ghost_stat_death, first_ration, uniq_edmund
D:5:      basic_altar, gammafunk_ghost_gnarly_gnolls

Skill      XL: |  1  2  3  4  5  6  7  8 |
---------------+-------------------------+-----
Fighting       | 4 5 |  5.4
Maces & Flails | 1 2 3 5 |  5.9
Dodging        | 1 2 |  2.2
Spellcasting   | 2 3 |  3.6
Conjurations   | 2 3 |  3.0
Poison Magic   | 2 |  2.5
Armour         | 1 |  1.4
Axes           | |  1.9
Stealth        | |  2.8

Action                   |  1- 3 |  4- 6 |  7- 9 || total
-------------------------+-------+-------+-------++-------
Melee: Whip              |    80 |    89 |       ||   169
       Hand axe          |     1 |       |       ||     1
       Flail             |       |    16 |   108 ||   124
Throw: Stone             |       |       |     1 ||     1
 Cast: Sting             |    40 |    60 |    74 ||   174
Evoke: Wand              |       |       |     2 ||     2
  Use: Potion            |       |       |     4 ||     4
       Scroll            |       |       |     1 ||     1
 Stab: Sleeping          |       |       |     1 ||     1
  Eat: Chunk             |     4 |    19 |     6 ||    29
Armor: Robe              |    47 |    51 |    59 ||   157
       Skin              |       |       |    22 ||    22
       Leather armour    |       |       |    17 ||    17
Dodge: Dodged            |    80 |    87 |    91 ||   258

Table legend:
 A = Non-vault XP
 B = Vault XP
 C = Vault XP percentage of total XP
 D = Non-vault monster count
 E = Vault monster count
 F = Vault count percentage of total count
                 A         B        C        D         E       F
            +---------+---------+-------+---------+---------+-------
      Total |    1080 |     700 |  39.3 |      91 |      21 |  18.8
            +---------+---------+-------+---------+---------+-------
        D:1 |      57 |       7 |  10.9 |      29 |       4 |  12.1
        D:2 |      44 |     135 |  75.4 |      13 |       6 |  31.6
        D:3 |      41 |       0 |   0.0 |      13 |       0 |   0.0
        D:4 |      92 |     291 |  76.0 |       5 |       4 |  44.4
        D:5 |     846 |     267 |  24.0 |      31 |       7 |  18.4
            +---------+---------+-------+---------+---------+-------
